 Dungeon Crawl Stone Soup version 0.31-a0-702-gf82c85558f (webtiles) character file.

Game seed: 10483157156354812914

117 qw the Shooter (level 5, 0/32 HPs)
             Began as a Gargoyle Hunter on Sept 8, 2023.
             Slain by an orc
             ... wielding a +0 war axe
              (2 damage)
             ... on level 3 of the Dungeon.
             The game lasted 00:00:49 (1687 turns).

qw the Shooter (Gargoyle Hunter)                    Turns: 1687, Time: 00:00:50

Health: 0/32       AC: 11    Str: 15    XL:     5   Next: 1%
Magic:  14/14      EV: 10    Int:  9    God:
Gold:   62         SH:  0    Dex: 12    Spells: 4/4 levels left

rFire   . . .        Y - +0 shortbow
rCold   . . .        (shield currently unavailable)
rNeg    + + .        e - +0 ring mail
rPois   inf          (no helmet)
rElec   +            (no cloak)
rCorr   .            c - +1 pair of gloves of Dot Gont {rN+ MP+9 Dex-3 SInv}
SInv    +            (no boots)
Will    .....        (no amulet)
Stlth   +            (no ring)
HPRegen 0.25/turn    (no ring)
MPRegen 0.14/turn

%: no passive effects
@: no status effects
A: sickness immunity, AC +4, negative energy resistance 1, electricity
resistance, torment resistance 1, petrification resistance
a: no special abilities


You were on level 3 of the Dungeon.
You visited 1 branch of the dungeon, and saw 3 of its levels.

You collected 62 gold pieces.


Innate Abilities, Weirdness & Mutations

You are immune to sickness and miasma.
Your stone body is resilient. (AC +4)
You are immune to poison.
You resist negative energy. (rN+)
You are resistant to electric shocks. (rElec)
You are resistant to unholy torment.
You are immune to petrification.


   Skills:
 - Level 3.1 Fighting
 + Level 5.6 Ranged Weapons
 - Level 1.0 Armour
 - Level 1.5 Dodging
 - Level 1.1 Stealth


You had 4 spell levels left.
You didn't know any spells.
Your spell library was empty.

Inventory:

Hand Weapons
 Y - a +0 shortbow (weapon)
Armour
 b - a +0 pair of boots
 c - the +1 pair of gloves of Dot Gont (worn) {rN+ MP+9 Dex-3 SInv}
   (You acquired it on level 2 of the Dungeon)

   Dex-3:     It affects your dexterity (-3).
   rN+:       It protects you from negative energy.
   MP+9:      It affects your magic capacity (+9).
   SInv:      It lets you see invisible.
 e - a +0 ring mail (worn)
Scrolls
 a - 2 scrolls of identify
Potions
 d - a potion of curing {unknown}
 h - a potion of enlightenment {unknown}
 i - a potion of cancellation {unknown}
 k - a potion of berserk rage {unknown}

Dungeon Overview and Level Annotations

Branches:
Dungeon (3/15)

Altars:


Message History

The hobgoblin moves out of view.
You shoot an arrow. The arrow barely misses the orc.
The orc hits you with a +0 club. The endoplasm closely misses you.
You shoot an arrow. The arrow hits the orc.
You kill the orc!
The endoplasm closely misses you.
You shoot an arrow. The arrow hits the endoplasm.
You kill the endoplasm!
You hear a shout!
You shoot an arrow. The arrow hits the orc.
The orc is heavily wounded.
The orc hits you with a +0 flail.
You shoot an arrow. The arrow barely misses the orc.
The orc hits you but does no damage. The orc hits you with a +0 war axe!
You shoot an arrow. The arrow barely misses the orc.
The orc completely misses you. The orc barely misses you.
You shoot an arrow. The arrow barely misses the orc.
The orc hits you with a +0 flail. The orc hits you but does no damage.
You shoot an arrow.
The arrow hits the orc but does no damage.
The orc is heavily wounded.
The orc barely misses you.
You shoot an arrow. The arrow hits the orc.
You kill the orc!
The orc hits you but does no damage.
You have reached level 5!
You shoot an arrow. The arrow hits the hobgoblin.
The hobgoblin is lightly wounded.
The hobgoblin hits you but does no damage.
The orc hits you but does no damage.
You shoot an arrow. The arrow hits the hobgoblin.
The hobgoblin is almost dead.
The hobgoblin misses you. The orc misses you.
You shoot an arrow. The arrow hits the hobgoblin.
You kill the hobgoblin!
The orc hits you with a +0 war axe.
You shoot an arrow. The arrow hits the orc!
You kill the orc!
The orc hits you with a +0 war axe.
You die...

#.# #.#
#.# #.#
#.# #.#
#.# #.#
#@#
#o)......
###.....#
.....#
....#
....#
####


You could see an orc.

Vanquished Creatures
  4 gnolls
  2 adders (D:3)
  A worm (D:3)
  2 dart slugs
  3 orcs (D:3)
  6 endoplasms
  A giant cockroach (D:3)
  2 goblins (D:1)
  7 hobgoblins
  4 kobolds
  3 quokkas
  8 ball pythons
  6 bats
  A frilled lizard (D:1)
  A rat (D:2)
51 creatures vanquished.

Notes
Turn   | Place    | Note
-------+----------+-------------------------------------------
     0 | D:1      | qw the Gargoyle Hunter began the quest for the Orb.
     0 | D:1      | Reached XP level 1. HP: 12/12 MP: 1/1
     0 | D:1      | 0 ||| qw: Version: 0.3-a-76-g4403597
     0 | D:1      | 0 ||| qw: Game counter: 1198
     0 | D:1      | 0 ||| qw: Melee chars always use a shield: true
     0 | D:1      | 0 ||| qw: God list: Okawaru
     0 | D:1      | 0 ||| qw: Allow faded altars: false
     0 | D:1      | 0 ||| qw: Do Orc after clearing Dungeon:15 true
     0 | D:1      | 0 ||| qw: Do second Lair branch before Depths: true
     0 | D:1      | 0 ||| qw: Lair rune preference: random
     0 | D:1      | 0 ||| qw: Goals: Normal
     0 | D:1      | 0 ||| PLANNING D:1-11
    77 | D:1      | Reached XP level 2. HP: 17/17 MP: 2/2
   375 | D:1      | Found a faded altar of an unknown god.
   442 | D:1      | Reached XP level 3. HP: 21/21 MP: 3/3
   675 | D:1      | Reached skill level 5 in Ranged Weapons
   741 | D:1      | 741 ||| UPGRADING to +0 ring mail.
   751 | D:1      | 751 ||| DROPPING +0 leather armour.
   752 | D:1      | 752 ||| READING 2 scrolls labelled LONYUL XEGIFU.
   753 | D:1      | 753 ||| READING 2 scrolls labelled NUPRIZ LEGA.
   754 | D:1      | 754 ||| READING scroll labelled QOTWEPPIRUWK.
   759 | D:1      | 759 ||| DROPPING scroll of butterflies.
   760 | D:1      | 760 ||| DROPPING scroll of immolation.
   947 | D:2      | Reached skill level 1 in Armour
  1307 | D:2      | 1307 ||| DROPPING ring of magical power.
  1308 | D:2      | 1308 ||| READING 3 scrolls labelled KIET MOUPOHAUTAUH.
  1309 | D:2      | 1309 ||| READING scroll labelled BEOJUF YCHULO.
  1309 | D:2      | Identified a scroll of acquirement
  1309 | D:2      | 1309 ||| ACQUIRING +1 pair of gloves of Dot Gont {rN+ MP+9
                  | Dex-3 SInv}
  1309 | D:2      | Acquired the +1 pair of gloves of Dot Gont {rN+ MP+9 Dex-3
                  | SInv}
  1311 | D:2      | 1311 ||| UPGRADING to +1 pair of gloves of Dot Gont {rN+
                  | MP+9 Dex-3 SInv}.
  1386 | D:2      | 1386 ||| READING scroll labelled TIPNOLUGIEDGH.
  1387 | D:2      | 1387 ||| READING 3 scrolls of identify.
  1387 | D:2      | 1387 ||| IDENTIFYING black potion
  1388 | D:2      | 1388 ||| READING 2 scrolls of identify.
  1388 | D:2      | 1388 ||| IDENTIFYING brown potion
  1389 | D:2      | 1389 ||| DROPPING 2 scrolls of noise.
  1390 | D:2      | 1390 ||| DROPPING potion of degeneration.
  1397 | D:3      | 1397 ||| STAIRDANCE
  1403 | D:2      | HP: 5/22 [gnoll/+0 spear (8)]
  1404 | D:2      | 1404 ||| DRINKING potion of heal wounds.
  1445 | D:3      | 1445 ||| STAIRDANCE
  1455 | D:2      | Reached skill level 3 in Fighting
  1455 | D:2      | Reached XP level 4. HP: 27/28 MP: 4/4
  1681 | D:3      | HP: 5/28 [orc/+0 flail (4)]
  1684 | D:3      | Reached XP level 5. HP: 7/32 MP: 5/5
  1686 | D:3      | HP: 2/32 [orc/+0 war axe (6)]
  1687 | D:3      | Slain by an orc

Levels and vault maps discovered:
D:1:      kennysheep_arrival_forest, layout_loops_ring,
          hellmonk_ecumenical_altar_zigzags
D:2:      layout_rooms, dk_noncrumbling_3
D:3:      layout_basic

Skill      XL: |  1  2  3 |
---------------+----------+-----
Ranged Weapons | 5 |  5.6
Armour         | 1 |  1.0
Fighting       | 3 |  3.1
Dodging        | |  1.5
Stealth        | |  1.1

Action                     |  1- 3 |  4- 6 || total
---------------------------+-------+-------++-------
   Fire: Shortbow          |   131 |    67 ||   198
    Use: Scroll            |     8 |       ||     8
         Potion            |     1 |       ||     1
 Armour: Leather armour    |    14 |       ||    14
         Ring mail         |    31 |    31 ||    62
  Dodge: Dodged            |    47 |    32 ||    79

Table legend:
 A = Non-vault XP
 B = Vault XP
 C = Vault XP percentage of total XP
 D = Non-vault monster count
 E = Vault monster count
 F = Vault count percentage of total count
                 A         B        C        D         E       F
            +---------+---------+-------+---------+---------+-------
      Total |     171 |       0 |   0.0 |      51 |       0 |   0.0
            +---------+---------+-------+---------+---------+-------
        D:1 |      40 |       0 |   0.0 |      22 |       0 |   0.0
        D:2 |      53 |       0 |   0.0 |      16 |       0 |   0.0
        D:3 |      78 |       0 |   0.0 |      13 |       0 |   0.0
            +---------+---------+-------+---------+---------+-------
